 Dungeon Crawl Stone Soup version 0.28.0-45-g0d030f2227 (webtiles) character file.

Game seed: 1288625727480260944

179 brightshaft the Digger (level 5, -1/45 HPs)
             Began as an Ogre Earth Elementalist on Apr 18, 2022.
             Slain by an orc wizard
             ... wielding a +4 dagger
              (5 damage)
             ... on level 2 of the Dungeon.
             The game lasted 00:06:37 (3262 turns).

brightshaft the Digger (Ogre Earth Elementalist)    Turns: 3262, Time: 00:06:38

Health: -1/45      AC:  5    Str: 12    XL:     5   Next: 59%
Magic:  6/11       EV:  9    Int: 24    God:
Gold:   38         SH:  0    Dex:  9    Spells: 8/12 levels left

rFire   + . .      SeeInvis .   i - +3 hand axe
rCold   . . .      Faith    .   (no shield)
rNeg    . . .      Spirit   .   n - +2 robe {rF+}
rPois   .          Reflect  .   (helmet restricted)
rElec   .          Harm     .   (no cloak)
rCorr   .          Rampage  .   (gloves unavailable)
Will    .....                   (boots unavailable)
Stlth   +.........              (no amulet)
HPRegen 0.15/turn               d - +6 ring of intelligence
MPRegen 0.12/turn               (no ring)

@: confused, mighty
A: large, unfitting armour, tough skin 1
a: no special abilities


You were on level 2 of the Dungeon.
You visited 1 branch of the dungeon, and saw 3 of its levels.

You collected 126 gold pieces.
You spent 88 gold pieces at shops.

Inventory:

Hand Weapons
 i - a +3 hand axe (weapon)
Missiles
 c - 49 stones
 g - 4 poisoned darts
Armour
 n - a +2 robe of fire resistance (worn)
Jewellery
 d - a +6 ring of intelligence (left hand)
Scrolls
 a - a scroll of brand weapon {unknown}
 b - a scroll of enchant weapon {unknown}
 f - a scroll of fear {unknown}
 h - a scroll of immolation {unknown}
 j - 2 scrolls of identify {unknown}
 k - a scroll of amnesia {unknown}
 m - a scroll of summoning {unknown}
 p - a scroll of noise {unknown}
Potions
 l - a potion of resistance {unknown}
 o - a potion of degeneration {unknown}


   Skills:
 - Level 1.7 Dodging
 - Level 1.4 Stealth
 - Level 4.0 Spellcasting
 + Level 1.6 Conjurations
 - Level 1.0 Transmutations
 + Level 4.3 Earth Magic


You had 8 spell levels left.
You knew the following spells:

 Your Spells              Type           Power      Damage    Failure   Level
a - Sandblast             Erth           50%        2d12      1%          1
b - Stone Arrow           Conj/Erth      38%        3d9       9%          3

Your spell library contained the following spells:

 Spells                   Type           Power      Damage    Failure   Level
 Passwall                 Tmut/Erth      14%        N/A       4%          2
 Beastly Appendage        Tmut           18%        N/A       6%          1
 Wereblood                Tmut           9%         N/A       10%         2
 Ensorcelled Hibernation  Hex/Ice        8%         N/A       14%         2
 Spider Form              Tmut/Pois      7%         N/A       24%         3
 Petrify                  Tmut/Erth      17%        N/A       32%         4
 Anguish                  Hex/Necr       2%         N/A       67%         4


Dungeon Overview and Level Annotations

Branches:
Dungeon (3/15)

Altars:

Shops:
D:1 **?(*


Innate Abilities, Weirdness & Mutations

You are too large for most types of armour.
You have tough skin. (AC +1)


Message History

A magic dart appears from out of thin air!
The magic dart hits you.
You hear some strange, mumbled words.
You are confused.
You're too confused to cast spells.
Something hits you.
You hear some strange, mumbled words.
You are more confused.
You climb upwards.
Reactivating autopickup.
There is a stone staircase leading down here.
Deactivating autopickup; reactivate with Ctrl-A.
You closely miss something. You completely miss something.
You hear some strange, mumbled words.
You are more confused.
Something hits you.
* * * LOW HITPOINT WARNING * * *
You bump into the rock wall.
Something hits you but does no damage. Something hits you.
* * * LOW HITPOINT WARNING * * *
You bump into the rock wall.
You hear some strange, mumbled words.
A puff of flame appears from out of thin air!
The puff of flame hits you. You resist.
* * * LOW HITPOINT WARNING * * *
Something hits you.
* * * LOW HITPOINT WARNING * * *
You bump into the rock wall.
Something hits you.
* * * LOW HITPOINT WARNING * * *
Something hits you but does no damage.
It was a potion of might.
You feel very mighty all of a sudden.
You hear some strange, mumbled words.
You are more confused.
You hear some strange, mumbled words.
A puff of flame appears from out of thin air!
The puff of flame misses you.
You barely miss something. You hit something.
Something hits you but does no damage. Something hits you.
You die...

.......#
#...............##
####.#.#
##############.>#
####.#.# #..#
#....#.# #..#
#.####.# #..#
#.####.# #..#
#......# #..#
#.####.# ########
#..##### #.####.#
#.....@## #......#
...)...#
#.###{#{######.####.#
#.######
#.##.###.......# #.#
..# #.###.#.#####..#
##.### #.# #.#
##.###.....# #....)
#g# #.# ### #.##.##
#..### #g# #.# #.##.#
#..# #J# #.# #.##.#
#..# #.# #.#
#.##.####..###


There were no monsters in sight!

Vanquished Creatures
  A bullfrog zombie (D:3)
  6 gnolls
  3 adders
  2 worms
  A dart slug (D:3)
  4 bats
  5 endoplasms
  A giant cockroach (D:1)
  3 hobgoblins
  3 jackals (D:1)
  3 kobolds
  3 quokkas
  5 ball pythons
  2 frilled lizards
  6 goblins
  6 rats
54 creatures vanquished.

Notes
Turn   | Place    | Note
-------+----------+-------------------------------------------
     0 | D:1      | brightshaft the Ogre Earth Elementalist began the quest for
                  | the Orb.
     0 | D:1      | Reached XP level 1. HP: 16/16 MP: 3/3
    53 | D:1      | Found Tad Zang's Antique Weapon Shoppe.
   121 | D:1      | Found Houfekurr's General Store.
   169 | D:1      | Found Ecsymaowa's Assorted Antiques.
   235 | D:1      | Found a faded altar of an unknown god.
   240 | D:1      | Found Qaefrexu's Magic Scroll Emporium.
   450 | D:1      | Found Pelypn's General Store.
   459 | D:1      | Reached XP level 2. HP: 24/24 MP: 6/6
  1215 | D:2      | Reached XP level 3. HP: 12/31 MP: 4/8
  1630 | D:1      | Reached skill level 1 in Transmutations
  1977 | D:1      | Bought an embroidered robe for 88 gold pieces
  1993 | D:1      | Learned a level 3 spell: Stone Arrow
  2071 | D:2      | Reached XP level 4. HP: 31/39 MP: 10/10
  2750 | D:3      | Reached XP level 5. HP: 42/45 MP: 3/11
  2752 | D:3      | Reached skill level 1 in Conjurations
  3262 | D:2      | Slain by an orc wizard

Illustrated notes

Levels and vault maps discovered:
D:1:      lemuel_arrival_lava_pool, layout_rooms, serial_shops, shop,
          nicolae_shop_overgrown_old_shop, shop_coins, nicolae_shop_waterfront,
          shop, basic_ecumenical_altar
D:2:      layout_loops_ring, minmay_heptomino_o4
D:3:      layout_rooms, grunt_temple_overflow_order_and_chaos_1,
          serial_aquarium, aquarium_bridge_square [aquarium_subvault_bridge,
          aquarium_subvault_bridge, aquarium_subvault_wall,
          aquarium_subvault_wall], aquarium_window_fake, aquarium_window_1,
          aquarium_window_3, aquarium_window_1, aquarium_view_2d,
          aquarium_view_2e, aquarium_pool_S

Skill      XL: |  1  2  3  4  5 |
---------------+----------------+-----
Spellcasting   | 3 4 |  4.0
Earth Magic    | 3 4 |  4.3
Transmutations | 1 |  1.0
Conjurations   | 1 |  1.6
Dodging        | |  1.7
Stealth        | |  1.4

Action                   |  1- 3 |  4- 6 || total
-------------------------+-------+-------++-------
Melee: Hand axe          |    53 |    60 ||   113
       Unarmed           |     1 |       ||     1
 Cast: Sandblast         |    25 |    20 ||    45
       Stone Arrow       |       |     1 ||     1
  Use: Potion            |       |     1 ||     1
 Stab: Sleeping          |     1 |     2 ||     3
Armor: Robe              |    30 |    22 ||    52
Dodge: Dodged            |    56 |    34 ||    90
